 Dungeon Crawl Stone Soup version 0.18.1-48-g4cf74bf (webtiles) character file.

306 Alarkh the Shooter (level 6, 0/44 HPs)
             Began as a Mummy Hunter on Aug 9, 2016.
             Killed from afar by an orc wizard (3 damage)
             ... with a magic dart
             ... on level 5 of the Dungeon.
             The game lasted 00:05:45 (3943 turns).

Alarkh the Shooter (Mummy Hunter)                   Turns: 3943, Time: 00:05:46

Health: 0/44       AC:  9    Str: 15    XL:     6   Next: 16%
Magic:  6/6        EV: 13    Int: 13    God:
Gold:   184        SH:  0    Dex: 12    Spells: 0 memorised, 5 levels left

rFire  . . .     SeeInvis .     b - +0 short sword (protect)
rCold  + . .     Gourm    .     c - +0 leather armour
rNeg   + + +     Faith    .     (no shield)
rPois  ∞         Spirit   .     (no helmet)
rElec  .         Dismiss  .     q - +0 cloak
rCorr  .         Reflect  .     (no gloves)
SustAt .         Harm     .     (no boots)
MR     .....                    (no amulet)
Stlth  +.........               h - ring of protection from fire
                                k - +2 ring of evasion

@: drained, not resistant to hostile enchantments, very unstealthy
A: no food or potions, fire vulnerability, cold resistance 1, negative energy
resistance 3, torment resistance, unbreathing
a: no special abilities


You were on level 5 of the Dungeon.
You were not hungry.

You visited 1 branch of the dungeon, and saw 5 of its levels.

You collected 184 gold pieces.

Inventory:

Hand Weapons
 a - a +1 shortbow
 b - a +0 short sword of protection (weapon)
 j - the +8 falchion of Extermination {slice, *Drain rPois Stlth+}
   (You found it on level 4 of the Dungeon)

   It inflicts extra damage upon your enemies.
   It protects you from poison.
   It causes draining when unequipped.
   It makes you more stealthy.
 p - a +0 short sword
Missiles
 d - 14 arrows
Armour
 c - a +0 leather armour (worn)
 q - a +0 cloak (worn)
Jewellery
 f - an uncursed ring of flight
 h - a ring of protection from fire (right hand)
 k - a +2 ring of evasion (left hand)
Wands
 o - a wand of disintegration (14/24)
Scrolls
 e - a scroll of blinking
 g - a scroll of enchant armour
 i - 2 scrolls of enchant weapon
 l - 2 scrolls of teleportation
 m - 2 scrolls of amnesia {unknown}
 n - a scroll of fog {unknown}


   Skills:
 - Level 2.0(1.1) Fighting
 + Level 6.2(5.2) Bows
 - Level 1.5(0.7) Dodging
 - Level 0.7(0.0) Stealth


You had 5 spell levels left.
You didn't know any spells.

Dungeon Overview and Level Annotations

Branches:
Dungeon (5/15)
 Temple: D:4-7

Altars:
Elyvilon
Nemelex Xobeh

Annotations:
D:3 nikopol's ghost, amateur HOBe


Innate Abilities, Weirdness & Mutations

You do not eat or drink.
Your flesh is vulnerable to fire.
You are immune to poison.
Your flesh is cold resistant.
You are immune to negative energy.
You are immune to unholy pain and torment.
You can survive without breathing.


Message History

The orc wizard flickers and vanishes!
Deactivating autopickup; reactivate with Ctrl-A.
The crimson imp misses you.
A puff of flame appears from out of thin air!
The puff of flame misses you.
The puff of flame hits the ball python.
The ball python dies!
The crimson imp blinks!
You bump into the rock wall.
You bump into the rock wall.
Something hits you but does no damage.
The crimson imp blinks!
You feel less confused.
There is a stone staircase leading up here.
You hit something.
You hear some strange, mumbled words.
A puff of flame appears from out of thin air!
The puff of flame hits you!
* * * LOW HITPOINT WARNING * * *
A magic dart appears from out of thin air!
The magic dart hits you!
You die...

## ##.....%#..### ###### ###
##.##..#.#..####### #..... ..#
#.###.#..#........######.####
#.###.##........................#
#.........#.###.##.#..##.###.##..
######.#.#.## #.##....##.# #.####
##...## #.##.#..##.# #.#### #...#
#.#.....##.# #..... #...#
#.@........# ###### #...#
###...###### ### #...# ##<##
#######
..#####)..########.#######.....#
#..........5.......#...........#
................#..#.##........#
.....†..........#.......##.....#
#.####....#..#..........##.....#
#.# #....#..####.##.#.###.#####


There were no monsters in sight!

Vanquished Creatures
  A hound (D:3)
  A jelly (D:5)
  A worker ant (D:4)
  6 adders
  3 gnolls (D:5)
  2 shadow imps
  3 oozes
  A worm (D:5)
  2 dart slugs
  5 giant geckos
  9 orcs
  6 giant cockroaches
  10 goblins
  7 hobgoblins
  10 jackals
  2 quokkas
  4 bats
  3 giant newts
  5 kobolds
  9 rats
90 creatures vanquished.

Vanquished Creatures (others)
  A ball python (D:5)
1 creature vanquished.

Grand Total: 91 creatures vanquished

Notes
Turn   | Place    | Note
--------------------------------------------------------------
     0 | D:1      | Alarkh the Mummy Hunter began the quest for the Orb.
     0 | D:1      | Reached XP level 1. HP: 16/16 MP: 1/1
   100 | D:1      | Reached XP level 2. HP: 22/22 MP: 2/2
   378 | D:1      | Reached skill level 4 in Bows
   531 | D:1      | Reached XP level 3. HP: 26/27 MP: 3/3
   813 | D:1      | Found a sparkling altar of Nemelex Xobeh.
   946 | D:2      | Found a white marble altar of Elyvilon.
  1245 | D:2      | Reached XP level 4. HP: 27/33 MP: 4/4
  1647 | D:3      | Noticed nikopol's ghost (amateur HOBe)
  1715 | D:3      | Reached skill level 5 in Bows
  1942 | D:3      | Reached XP level 5. HP: 28/38 MP: 5/5
  2813 | D:4      | Got a warped falchion
  2843 | D:4      | Identified the +8 falchion of Extermination {slice, *Drain rPois Stlth+} (You found it on level 4 of the Dungeon)
  3129 | D:5      | Entered Level 5 of the Dungeon
  3173 | D:5      | Reached skill level 6 in Bows
  3430 | D:5      | Reached XP level 6. HP: 43/44 MP: 6/6
  3941 | D:5      | HP: 2/44 [something/puff of flame (8)]
  3943 | D:5      | Killed from afar by an orc wizard

Skill      XL: |  1  2  3  4  5 |
---------------+----------------+-----
Bows           | 4 5 6 |  6.2
Fighting       | |  2.0
Dodging        | |  1.5
Stealth        | |  0.7

Action                   |  1- 3 |  4- 6 || total
-------------------------+-------+-------++-------
Melee: Falchion          |       |    15 ||    15
       Short sword       |       |    15 ||    15
       Shortbow          |       |     1 ||     1
 Fire: Shortbow          |   109 |   160 ||   269
  Use: Scroll            |       |     6 ||     6
Armor: Leather armour    |    10 |    22 ||    32
Dodge: Dodged            |    21 |    47 ||    68
